 Dungeon Crawl Stone Soup version 0.29-a0-1047-g7c58e119a4 (webtiles) character file.

Game seed: 2663434711960562227

109 ketsa the Conjurer (level 4, 0/24 HPs)
             Began as a Deep Elf Conjurer on Aug 16, 2022.
             Killed by divine providence
             ... invoked by an orc priest
              (14 damage)
             ... on level 2 of the Dungeon.
             The game lasted 00:06:35 (2604 turns).

ketsa the Conjurer (Deep Elf Conjurer)              Turns: 2604, Time: 00:06:35

Health: 0/24       AC:  3    Str:  4    XL:     4   Next: 59%
Magic:  9/12       EV: 12    Int: 25    God:
Gold:   134        SH:  0    Dex: 13    Spells: 5/11 levels left

rFire   + . .      SeeInvis .   f - +0 short sword
rCold   x . .      Faith    .   (no shield)
rNeg    . . .      Spirit   .   c - +1 robe
rPois   .          Reflect  .   (no helmet)
rElec   .          Harm     .   (no cloak)
rCorr   .          Rampage  .   (no gloves)
Will    .....                   (no boots)
Stlth   ++........              (no amulet)
HPRegen 0.08/turn               g - ring of fire
MPRegen 0.13/turn               (no ring)

@: no status effects
A: no striking features
a: no special abilities


You were on level 2 of the Dungeon.
You visited 1 branch of the dungeon, and saw 3 of its levels.

You collected 134 gold pieces.

Inventory:

Hand Weapons
 f - a +0 short sword (weapon)
Armour
 a - a +0 robe
 c - a +1 robe (worn)
Jewellery
 d - an amulet of guardian spirit
 g - a ring of fire (left hand)
 i - an amulet of faith
Scrolls
 j - a scroll of blinking
Potions
 b - a potion of magic
 e - a potion of curing {unknown}
 h - a potion of mutation
 k - a potion of brilliance {unknown}
 m - a potion of invisibility {unknown}


   Skills:
 - Level 2.4 Dodging
 - Level 2.4 Stealth
 + Level 4.4 Spellcasting
 + Level 5.8 Conjurations
 + Level 1.3 Hexes


You had 5 spell levels left.
You knew the following spells:

 Your Spells              Type           Power      Damage    Failure   Level
a - Magic Dart            Conj           100%       1d8       1%          1
b - Searing Ray           Conj           68%        2d6       1%          2
c - Dazzling Flash        Conj/Hex       46%        N/A       6%          3

Your spell library contained the following spells:

 Spells                   Type           Power      Damage    Failure   Level
 Sandblast                Erth           10%        2d5       9%          1
 Fulminant Prism          Conj/Hex       11%        3d9       21%         4
 Iskenderun's Mystic Bla  Conj/Tloc      20%        2d6       26%         4


Dungeon Overview and Level Annotations

Branches:
Dungeon (3/15)

Altars:
Xom

Annotations:
D:2 exclusion: downstairs
D:3 Robin


Message History

Level annotation: exclusion: downstairs
There is a stone staircase leading down here.
Casting: Magic Dart (safe; 1% risk of failure)
Confirm with . or Enter, or press ? or * to list all spells.
Aiming: Searing Ray (safe; 1% risk of failure)
Press: ? - help, Shift-Dir - straight line, f - goblin
Aim: a goblin, wielding a +0 club (strong, 76% to hit)
The searing ray hits the goblin!
You kill the goblin! (Press . to maintain the ray.)
You start resting.
HP restored.
Magic restored.
There is a stone staircase leading down here.
You climb downwards.
Level annotation: Robin The orc shouts!
The orc priest hits you with a +0 dagger. x2
There is a stone staircase leading up here.
The orc priest barely misses you. The orc hits you with a +0 mace.
You climb upwards.
Level annotation: exclusion: downstairs
There is a stone staircase leading down here.
As you read the scroll of fear, it crumbles to dust.
You assume a fearsome visage.
The orc priest looks frightened!
The orc looks frightened!
Casting: Searing Ray (safe; 1% risk of failure)
Confirm with . or Enter, or press ? or * to list all spells.
Aiming: Searing Ray (safe; 1% risk of failure)
Press: ? - help, Shift-Dir - straight line, f - orc priest
Aim: an orc priest, wielding a +0 dagger (fleeing, 81% to hit)
The searing ray misses the orc priest. (Press . to maintain the ray.)
The searing ray hits the orc priest!
The orc priest is severely wounded.
Your attack snaps the orc priest out of its fear.
The orc priest calls down the wrath of Beogh upon you.
Beogh smites you!
Ouch! That really hurt!
You die...

#......#...# ##.### #.......#
###†#.###..#####....#####.#.....#
.#......#..........#........#####
###.#.#.#..#####....#####.### #
#...###......# #..#.# #.# #
#.###.###..#.###..#o# #.# #
...........#........# #.# ##
####.#####†#####..### #.# #.
####.......# #@.# #.# #.
.........#.#####.[# #.# #.
.#######.#........#######.# #. .#
#.########.o....^..#### #. .#
#####.########..######.##.###. .#
#...................##.#.#.##.
.###.###.########..###.....###.#.
.........# ##...#####....#....
####.##### #.....####..##.##..


You could see an orc priest (fleeing) and an orc (fleeing).

Vanquished Creatures
  An orc priest (D:3)
  2 adders (D:2)
  A worm (D:2)
  4 orcs
  4 endoplasms
  2 giant cockroaches (D:1)
  5 goblins
  A hobgoblin (D:2)
  A jackal (D:2)
  3 quokkas
  5 ball pythons
  5 bats
  5 frilled lizards
  9 kobolds
  2 rats (D:2)
50 creatures vanquished.

Vanquished Creatures (collateral kills)
  An endoplasm (D:1)
  A hobgoblin (D:1)
  A bat (D:1)
3 creatures vanquished.

Grand Total: 53 creatures vanquished

Notes
Turn   | Place    | Note
-------+----------+-------------------------------------------
     0 | D:1      | ketsa the Deep Elf Conjurer began the quest for the Orb.
     0 | D:1      | Reached XP level 1. HP: 10/10 MP: 6/6
    15 | D:1      | Found a faded altar of an unknown god.
    51 | D:1      | Got Plato's Handbook of Silt
   247 | D:1      | Reached XP level 2. HP: 15/15 MP: 4/8
   292 | D:1      | Learned a level 2 spell: Searing Ray
   635 | D:1      | Reached skill level 5 in Conjurations
   927 | D:2      | Found a shimmering altar of Xom.
   960 | D:2      | Reached XP level 3. HP: 19/19 MP: 7/10
  2130 | D:3      | Reached XP level 4. HP: 24/24 MP: 9/12
  2155 | D:2      | Learned a level 3 spell: Dazzling Flash
  2318 | D:3      | Reached skill level 1 in Hexes
  2501 | D:3      | Noticed Robin
  2604 | D:2      | Killed from afar by an orc priest

Illustrated notes

Levels and vault maps discovered:
D:1:      dpeg_arrival_lava_temple_mockup, layout_loops_ring,
          shapermc_ecumenical_altar_rom_forum
D:2:      minmay_alternating_diamond, layout_loops_corners, basic_altar,
          minmay_indecisive_spiral
D:3:      layout_rooms, serial_curves, eino_curves_02, eino_curves_02,
          gammafunk_ghost_stat_death, minmay_misc_feat_doors,
          uniq_crazy_yiuf_cottage, uniq_robin

Skill      XL: |  1  2  3  4 |
---------------+-------------+-----
Conjurations   | 5 |  5.8
Spellcasting   | 4 |  4.4
Hexes          | 1 |  1.3
Dodging        | |  2.4
Stealth        | |  2.4

Action                   |  1- 3 |  4- 6 || total
-------------------------+-------+-------++-------
 Cast: Magic Dart        |    70 |     7 ||    77
       Searing Ray       |     3 |     4 ||     7
  Use: Scroll            |     6 |     1 ||     7
Armor: Robe              |     2 |     1 ||     3
Dodge: Dodged            |     6 |     5 ||    11

Table legend: (Time is in decaauts)
 A = Elapsed time spent in this place.
 B = Non-inter-level travel time spent in this place.
 C = Inter-level travel time spent in this place.
 D = Time resting spent in this place.
 E = Time spent auto-exploring this place.
 F = Levels seen in this place.
 G = Mean time per level.
                   A        B        C        D        E       F      G
               +--------+--------+--------+--------+--------+-----+--------+
         Total |   2606 |   2429 |    177 |    674 |   1393 |   3 |  868.7 |
       Dungeon |   2606 |   2429 |    177 |    674 |   1393 |   3 |  868.7 |
               +--------+--------+--------+--------+--------+-----+--------+

Top non-repeatable levels by time:
     D:2: 1774 daAuts
     D:1: 766 daAuts
     D:3: 65 daAuts
